| TOP OF THE 1ST |
|
San Francisco Giants batting - Pitching for Philadelphia Phillies : LHP Lennart Hjelm
|
|
Pitching: LHP Lennart Hjelm
|
|
|
Batting: RHB Nick Rigden
|
0-0: SINGLE (Groundball, 56D, EV 88.1 MPH) (infield hit)
|
|
Batting: RHB Xavier Castellanos
|
0-0: Foul Ball, location: 2F 0-1: Ball 1-1: Ball 2-1: Foul Ball, location: 2F 2-2: Strikes out swinging
|
|
Batting: RHB Sean Zielinski
|
0-0: Foul Ball, location: 2F 0-1: Foul Ball, location: 2F 0-2: Ball 1-2: Foul Ball, location: 2F 1-2: Ball 2-2: Foul Ball, location: 2F 2-2: Foul Ball, location: 2F 2-2: Ball 3-2: Hit by Pitch Nick Rigden to second
|
|
Batting: LHB Jack Henningar
|
0-0: Fly out, F6 (Popup, 6MS, EV 75.6 MPH)
|
|
Batting: RHB Jim Zucco
|
0-0: Ball 1-0: Called Strike 1-1: Foul Ball, location: 2F 1-2: Ball 2-2: DOUBLE (Flyball, 89D, EV 97.5 MPH) Nick Rigden scores Sean Zielinski to third Runner from 3rd tries for Home, SAFE, throw by CF to trailing runner, SAFE at third!
|
|
Batting: LHB Willis Robles
|
0-0: Called Strike 0-1: Ball 1-1: Ball 2-1: Swinging Strike 2-2: Fly out, F9 (Line Drive, 9, EV 93.1 MPH)
|
| Top of the 1st over - 2 runs, 2 hits, 0 errors, 1 left on base; San Francisco 2 - Philadelphia 0 |
| BOTTOM OF THE 1ST |
|
Philadelphia Phillies batting - Pitching for San Francisco Giants : RHP Keith Kidd
|
|
Pitching: RHP Keith Kidd
|
|
|
Batting: LHB Nick Canizales
|
0-0: Ball 1-0: Foul Ball, location: 2F 1-1: Ball 2-1: Foul Ball, location: 2F 2-2: Fly out, F2 (Popup, 25F, EV 82.5 MPH)
|
|
Batting: RHB Chef Belew
|
0-0: Ball 1-0: Ball 2-0: Foul Ball, location: 2F 2-1: Ground out 4-3 (Groundball, 4, EV 78.8 MPH)
|
|
Batting: LHB Rich Sullivan
|
0-0: Foul Ball, location: 2F 0-1: Ball 1-1: Swinging Strike 1-2: Foul Ball, location: 2F 1-2: Ball 2-2: SOLO HOME RUN (Flyball, 9LD, EV 91.3 MPH), Distance : 354 ft
|
|
Batting: LHB Alberto Figueroa
|
0-0: Fly out, F8 (Flyball, 8RS, EV 83.8 MPH)
|
| Bottom of the 1st over - 1 run, 1 hit, 0 errors, 0 left on base; San Francisco 2 - Philadelphia 1 |
| TOP OF THE 2ND |
|
San Francisco Giants batting - Pitching for Philadelphia Phillies : LHP Lennart Hjelm
|
|
Batting: RHB Ray Llewellyn
|
0-0: Ball 1-0: Ball 2-0: Swinging Strike 2-1: Foul Ball, location: 2F 2-2: Foul Ball, location: 2F 2-2: Ground out U3 (Groundball, 13, EV 79.4 MPH)
|
|
Batting: SHB Ken Welch
|
0-0: Ball 1-0: Ball 2-0: Foul Ball, location: 2F 2-1: Foul Ball, location: 2F 2-2: Ball 3-2: Foul Ball, location: 2F 3-2: Reached on error, E6 (Groundball, 6, EV 80.0 MPH)
|
|
Batting: RHB Nate Hodson
|
0-0: Ball 1-0: Called Strike 1-1: Ball 2-1: Ball 3-1: Base on Balls Ken Welch to second
|
|
Batting: RHB Nick Rigden
|
0-0: Ball 1-0: Foul Ball, location: 2F 1-1: Foul Ball, location: 2F 1-2: Fly out, F9 (Flyball, 89M, EV 89.4 MPH)
|
|
Batting: RHB Xavier Castellanos
|
0-0: Called Strike 0-1: Ball 1-1: Foul Ball, location: 2F 1-2: Foul Ball, location: 2F 1-2: Ball 2-2: Ball 3-2: Base on Balls Ken Welch to third Nate Hodson to second
|
|
Batting: RHB Sean Zielinski
|
0-0: Ball 1-0: Foul Ball, location: 2F 1-1: Ball 2-1: Foul Ball, location: 2F 2-2: Strikes out looking
|
| Top of the 2nd over - 0 runs, 0 hits, 1 error, 3 left on base; San Francisco 2 - Philadelphia 1 |
| BOTTOM OF THE 2ND |
|
Philadelphia Phillies batting - Pitching for San Francisco Giants : RHP Keith Kidd
|
|
Batting: LHB Ryan Trombley
|
0-0: Foul Ball, location: 2F 0-1: Swinging Strike 0-2: Strikes out looking
|
|
Batting: RHB Raul de la Cruz
|
0-0: Ball 1-0: Foul Ball, location: 2F 1-1: Swinging Strike 1-2: Strikes out looking
|
|
Batting: SHB Danny Silvers
|
0-0: Called Strike 0-1: Ground out 1-3 (Groundball, P, EV 73.8 MPH)
|
| Bottom of the 2nd over - 0 runs, 0 hits, 0 errors, 0 left on base; San Francisco 2 - Philadelphia 1 |
| TOP OF THE 3RD |
|
San Francisco Giants batting - Pitching for Philadelphia Phillies : LHP Lennart Hjelm
|
|
Batting: LHB Jack Henningar
|
0-0: Foul Ball, location: 2F 0-1: Ball 1-1: Foul Ball, location: 2F 1-2: Ball 2-2: Foul Ball, location: 2F 2-2: Ball 3-2: Foul Ball, location: 2F 3-2: SINGLE (Groundball, 15S, EV 65.6 MPH) (infield hit)
|
|
Batting: RHB Jim Zucco
|
0-0: Ball 1-0: Fly out, F8 (Flyball, 8RM, EV 88.1 MPH)
|
|
Batting: LHB Willis Robles
|
0-0: Ball 1-0: Called Strike 1-1: Swinging Strike 1-2: 2-RUN HOME RUN (Flyball, 89XD, EV 114.4 MPH), Distance : 432 ft
|
|
Batting: RHB Ray Llewellyn
|
0-0: Ball 1-0: Ball 2-0: Ball 3-0: Base on Balls
|
|
Batting: SHB Ken Welch
|
0-0: Ball 1-0: Called Strike 1-1: Ball Ray Llewellyn steals 2nd base 2-1: Ball 3-1: Reached on error, E6 (Groundball, 6S, EV 82.5 MPH) Ray Llewellyn to third
|
|
Batting: RHB Nate Hodson
|
0-0: Grounds into double play, 5-4-3 (Groundball, 56, EV 85.6 MPH)
|
| Top of the 3rd over - 2 runs, 2 hits, 1 error, 1 left on base; San Francisco 4 - Philadelphia 1 |
| BOTTOM OF THE 3RD |
|
Philadelphia Phillies batting - Pitching for San Francisco Giants : RHP Keith Kidd
|
|
Batting: SHB Patrick Kimmel
|
0-0: Called Strike 0-1: Ball 1-1: Ball 2-1: Ball 3-1: Called Strike 3-2: Foul Ball, location: 2F 3-2: Base on Balls
|
|
Batting: RHB Luis Arce
|
0-0: Swinging Strike 0-1: Fielders Choice at 2nd, 2-4 (Groundball, 15S, EV 70.6 MPH)
|
|
Batting: LHB Nick Canizales
|
0-0: Ball 1-0: Called Strike 1-1: Foul Ball, location: 2F 1-2: Ball Wild Pitch! Luis Arce to second 2-2: Foul Ball, location: 2F 2-2: Foul Ball, location: 2F 2-2: SINGLE (Line Drive, 4M, EV 97.5 MPH) Luis Arce to third Runner from 3rd tries for Home, SAFE, throw by CF to home
|
|
Batting: RHB Chef Belew
|
0-0: Ball 1-0: Ball 2-0: Foul Ball, location: 2F 2-1: Foul Ball, location: 2F 2-2: Strikes out looking
|
|
Batting: LHB Rich Sullivan
|
0-0: Called Strike 0-1: Ball 1-1: Foul Ball, location: 2F 1-2: Ball 2-2: Foul Ball, location: 2F 2-2: Ball 3-2: Foul Ball, location: 2F 3-2: Base on Balls Nick Canizales to second
|
|
Batting: LHB Alberto Figueroa
|
0-0: Ball 1-0: Foul Ball, location: 2F 1-1: Foul Ball, location: 2F 1-2: Strikes out looking
|
| Bottom of the 3rd over - 1 run, 1 hit, 0 errors, 2 left on base; San Francisco 4 - Philadelphia 2 |
| TOP OF THE 4TH |
|
San Francisco Giants batting - Pitching for Philadelphia Phillies : LHP Lennart Hjelm
|
|
Pitching: RHP Brian Thomas
|
|
|
Batting: RHB Nick Rigden
|
0-0: Called Strike 0-1: Ball 1-1: Ground out 5-3 (Groundball, 5, EV 96.9 MPH)
|
|
Batting: RHB Xavier Castellanos
|
0-0: Ball 1-0: Called Strike 1-1: Ball 2-1: Fly out, F7 (Flyball, 78S, EV 84.4 MPH)
|
|
Batting: RHB Sean Zielinski
|
0-0: Foul Ball, location: 2F 0-1: Foul Ball, location: 2F 0-2: Strikes out swinging
|
| Top of the 4th over - 0 runs, 0 hits, 0 errors, 0 left on base; San Francisco 4 - Philadelphia 2 |
| BOTTOM OF THE 4TH |
|
Philadelphia Phillies batting - Pitching for San Francisco Giants : RHP Keith Kidd
|
|
Batting: LHB Ryan Trombley
|
0-0: Foul Ball, location: 2F 0-1: Foul Ball, location: 2F 0-2: Strikes out swinging
|
|
Batting: RHB Raul de la Cruz
|
0-0: Ball 1-0: Foul Ball, location: 2F 1-1: Foul Ball, location: 2F 1-2: SINGLE (Groundball, 56S, EV 65.6 MPH) (infield hit)
|
|
Batting: SHB Danny Silvers
|
0-0: Ball 1-0: Ball 2-0: Called Strike 2-1: Foul Ball, location: 2F 2-2: Ball 3-2: Fielders Choice at 2nd, 6-4 (Groundball, 6, EV 88.1 MPH)
|
|
Batting: SHB Patrick Kimmel
|
0-0: Ball 1-0: Called Strike 1-1: Called Strike 1-2: Ball 2-2: Foul Ball, location: 2F 2-2: Ground out 4-3 (Groundball, 4, EV 90.0 MPH)
|
| Bottom of the 4th over - 0 runs, 1 hit, 0 errors, 1 left on base; San Francisco 4 - Philadelphia 2 |
| TOP OF THE 5TH |
|
San Francisco Giants batting - Pitching for Philadelphia Phillies : RHP Brian Thomas
|
|
Batting: LHB Jack Henningar
|
0-0: Foul Ball, location: 2F 0-1: TRIPLE (Line Drive, 78XD, EV 103.1 MPH)
|
|
Batting: RHB Jim Zucco
|
0-0: Ball 1-0: Foul Ball, location: 2F 1-1: Ball 2-1: Ball 3-1: Foul Ball, location: 2F 3-2: Ground out U3 (Groundball, 3, EV 108.8 MPH)
|
|
Batting: LHB Willis Robles
|
0-0: Ball 1-0: Foul Ball, location: 2F 1-1: Called Strike 1-2: Foul Ball, location: 2F 1-2: Strikes out looking
|
|
Batting: RHB Ray Llewellyn
|
0-0: Called Strike 0-1: Foul Ball, location: 2F 0-2: Ball 1-2: Foul Ball, location: 2F 1-2: Foul Ball, location: 2F 1-2: Ball 2-2: Fly out, F5 (Popup, 15S, EV 86.3 MPH)
|
| Top of the 5th over - 0 runs, 1 hit, 0 errors, 1 left on base; San Francisco 4 - Philadelphia 2 |
| BOTTOM OF THE 5TH |
|
Philadelphia Phillies batting - Pitching for San Francisco Giants : RHP Keith Kidd
|
|
Pitching: LHP Adam Ody
|
|
|
Batting: RHB Luis Arce
|
0-0: Swinging Strike 0-1: Called Strike 0-2: Foul Ball, location: 2F 0-2: Foul Ball, location: 2F 0-2: Ball 1-2: Fly out, F5 (Line Drive, 5, EV 60.6 MPH)
|
|
Batting: LHB Nick Canizales
|
0-0: Ball 1-0: Ball 2-0: SINGLE (Groundball, 34D, EV 88.8 MPH) (infield hit)
|
|
Batting: RHB Chef Belew
|
0-0: Ball 1-0: Ball 2-0: Swinging Strike 2-1: Ball 3-1: Foul Ball, location: 2F 3-2: Strikes out swinging
|
|
Pinch Hitting: RHB Bill O'Neal
|
0-0: Ball 1-0: Ball 2-0: Ball 3-0: Base on Balls Nick Canizales to second
|
|
Batting: LHB Alberto Figueroa
|
0-0: Swinging Strike 0-1: Ground out 1-3 (Groundball, 13S, EV 69.4 MPH)
|
| Bottom of the 5th over - 0 runs, 1 hit, 0 errors, 2 left on base; San Francisco 4 - Philadelphia 2 |
| TOP OF THE 6TH |
|
San Francisco Giants batting - Pitching for Philadelphia Phillies : RHP Brian Thomas
|
|
Now in RF: Eric Katz
|
|
|
Batting: SHB Ken Welch
|
0-0: Ball 1-0: Ball 2-0: Ball 3-0: Called Strike 3-1: SOLO HOME RUN (Flyball, 9D, EV 97.5 MPH), Distance : 376 ft
|
|
Batting: RHB Nate Hodson
|
0-0: Ball 1-0: Fly out, F9 (Flyball, 9LM, EV 88.8 MPH)
|
|
Pinch Hitting: RHB Martin Guerrero
|
0-0: Called Strike 0-1: Foul Ball, location: 2F 0-2: Foul Ball, location: 2F 0-2: Foul Ball, location: 2F 0-2: Strikes out swinging
|
|
Pinch Hitting: RHB Hugo Zacarias
|
0-0: Ball 1-0: Swinging Strike 1-1: Foul Ball, location: 2F 1-2: Strikes out swinging
|
| Top of the 6th over - 1 run, 1 hit, 0 errors, 0 left on base; San Francisco 5 - Philadelphia 2 |
| BOTTOM OF THE 6TH |
|
Philadelphia Phillies batting - Pitching for San Francisco Giants : LHP Adam Ody
|
|
Now in CF: Martin Guerrero
|
|
|
Now in RF: Hugo Zacarias
|
|
|
Batting: LHB Ryan Trombley
|
0-0: Called Strike 0-1: Foul Ball, location: 2F 0-2: Foul Ball, location: 2F 0-2: Ground out U3 (Groundball, 34, EV 86.3 MPH)
|
|
Batting: RHB Raul de la Cruz
|
0-0: Ball 1-0: Swinging Strike 1-1: Ball 2-1: Ball 3-1: SINGLE (Groundball, 56D, EV 100.0 MPH)
|
|
Batting: SHB Danny Silvers
|
0-0: Ball Raul de la Cruz is caught stealing 2nd base 2-4 1-0: Foul Ball, location: 2F 1-1: Ball 2-1: Foul Ball, location: 2F 2-2: Strikes out swinging
|
| Bottom of the 6th over - 0 runs, 1 hit, 0 errors, 0 left on base; San Francisco 5 - Philadelphia 2 |
| TOP OF THE 7TH |
|
San Francisco Giants batting - Pitching for Philadelphia Phillies : RHP Brian Thomas
|
|
Pitching: RHP Rome Corona
|
|
|
Pinch Hitting: RHB Tyler Mapes
|
0-0: Swinging Strike 0-1: Foul Ball, location: 2F 0-2: Foul Ball, location: 2F 0-2: Ball 1-2: Ball 2-2: Foul Ball, location: 2F 2-2: Ball 3-2: Foul Ball, location: 2F 3-2: Fly out, F8 (Flyball, 8RM, EV 77.5 MPH)
|
|
Batting: RHB Jason May
|
0-0: Called Strike 0-1: Ball 1-1: Foul Ball, location: 2F 1-2: Fly out, F9 (Line Drive, 9D, EV 92.5 MPH)
|
|
Pinch Hitting: RHB Henri Cederberg
|
0-0: Called Strike 0-1: Called Strike 0-2: Strikes out swinging
|
| Top of the 7th over - 0 runs, 0 hits, 0 errors, 0 left on base; San Francisco 5 - Philadelphia 2 |
| BOTTOM OF THE 7TH |
|
Philadelphia Phillies batting - Pitching for San Francisco Giants : LHP Adam Ody
|
|
Pitching: RHP Cortez Laris
|
|
|
Now at 3B: Tyler Mapes
|
|
|
Now at SS: Henri Cederberg
|
|
|
Batting: SHB Patrick Kimmel
|
0-0: Ball 1-0: Fly out, F8 (Flyball, 89D, EV 108.1 MPH)
|
|
Batting: RHB Luis Arce
|
0-0: Ball 1-0: Ball 2-0: Ball 3-0: Base on Balls
|
|
Pinch Hitting: RHB Mitch Boyd
|
0-0: Foul Ball, location: 2F 0-1: Ball 1-1: Foul Ball, location: 2F 1-2: Ball 2-2: Ball 3-2: Foul Ball, location: 2F 3-2: Strikes out swinging
|
|
Batting: RHB Chef Belew
|
0-0: Foul Ball, location: 2F 0-1: Ball 1-1: SINGLE (Flyball, 89S, EV 87.5 MPH) Luis Arce to second Runner from 2nd tries for 3rd, SAFE, throw by RF made to third
|
|
Batting: LHB Eric Katz
|
0-0: Swinging Strike 0-1: Ball 1-1: Fielders Choice at 2nd, 5-4 (Groundball, 5, EV 85.6 MPH)
|
| Bottom of the 7th over - 0 runs, 1 hit, 0 errors, 2 left on base; San Francisco 5 - Philadelphia 2 |
| TOP OF THE 8TH |
|
San Francisco Giants batting - Pitching for Philadelphia Phillies : RHP Rome Corona
|
|
Now at 2B: Mitch Boyd
|
|
|
Pinch Hitting: RHB Yutaka Oki
|
0-0: Foul Ball, location: 2F 0-1: Ball 1-1: Ground out U3 (Groundball, 34, EV 93.1 MPH)
|
|
Batting: RHB Ray Llewellyn
|
0-0: Ball 1-0: Called Strike 1-1: Ball 2-1: Called Strike 2-2: Ball 3-2: Ground out 5-3 (Groundball, 5S, EV 67.5 MPH)
|
|
Batting: SHB Ken Welch
|
0-0: Called Strike 0-1: Swinging Strike 0-2: Ball 1-2: Strikes out swinging
|
| Top of the 8th over - 0 runs, 0 hits, 0 errors, 0 left on base; San Francisco 5 - Philadelphia 2 |
| BOTTOM OF THE 8TH |
|
Philadelphia Phillies batting - Pitching for San Francisco Giants : RHP Cortez Laris
|
|
Now in LF: Martin Guerrero
|
|
|
Now in CF: Yutaka Oki
|
|
|
Pinch Hitting: RHB Ji-an Li
|
0-0: Ball 1-0: Called Strike 1-1: Called Strike 1-2: Strikes out swinging
|
|
Pinch Hitting: LHB Jeff Luvisi
|
0-0: Ball 1-0: SOLO HOME RUN (Flyball, 9D, EV 97.5 MPH), Distance : 371 ft
|
|
Pinch Hitting: RHB Nick Beggs
|
0-0: Ball 1-0: Foul Ball, location: 2F 1-1: Called Strike 1-2: Ball 2-2: Foul Ball, location: 2F 2-2: SOLO HOME RUN (Line Drive, 7LD, EV 96.9 MPH), Distance : 372 ft
|
|
Batting: RHB Matt Sanders
|
0-0: Ground out 6-3 (Groundball, 6, EV 98.8 MPH)
|
|
Batting: SHB Patrick Kimmel
|
0-0: Ball 1-0: Called Strike 1-1: Called Strike 1-2: Foul Ball, location: 2F 1-2: Ball 2-2: Strikes out swinging
|
| Bottom of the 8th over - 2 runs, 2 hits, 0 errors, 0 left on base; San Francisco 5 - Philadelphia 4 |
| TOP OF THE 9TH |
|
San Francisco Giants batting - Pitching for Philadelphia Phillies : RHP Rome Corona
|
|
Now at 1B: Nick Beggs
|
|
|
Now in LF: Jeff Luvisi
|
|
|
Now in CF: Ji-an Li
|
|
|
Pinch Hitting: RHB Jason Gress
|
0-0: Ball 1-0: Ball 2-0: Foul Ball, location: 2F 2-1: Ball 3-1: Called Strike 3-2: Foul Ball, location: 2F 3-2: Strikes out swinging
|
|
Batting: RHB Martin Guerrero
|
0-0: Ball 1-0: Called Strike 1-1: Ball 2-1: Ground out 6-3 (Groundball, 6, EV 103.1 MPH)
|
|
Batting: RHB Hugo Zacarias
|
0-0: Called Strike 0-1: Ball 1-1: Ball 2-1: Called Strike 2-2: Strikes out swinging
|
| Top of the 9th over - 0 runs, 0 hits, 0 errors, 0 left on base; San Francisco 5 - Philadelphia 4 |
| BOTTOM OF THE 9TH |
|
Philadelphia Phillies batting - Pitching for San Francisco Giants : RHP Cortez Laris
|
|
Pitching: RHP Borisz Barciniak
|
|
|
Now at 2B: Jason Gress
|
|
|
Pinch Hitting: RHB Nate Mumaw
|
0-0: Called Strike 0-1: Ball 1-1: Foul Ball, location: 2F 1-2: SINGLE (Line Drive, 78S, EV 101.3 MPH)
|
|
Batting: RHB Mitch Boyd
|
0-0: Ball 1-0: Sac Bunt to 15S - play at second, runner safe!
|
|
Pinch Hitting: SHB Rafael Vazquez
|
0-0: Foul Ball, location: 2F 0-1: Fly out, F9 (Flyball, 89D, EV 96.3 MPH) Runner from 2nd tags up, SAFE at 3rd with throw by RF
|
|
Batting: LHB Eric Katz
|
0-0: Foul Ball, location: 2F 0-1: Ball 1-1: Foul Ball, location: 2F 1-2: Foul Ball, location: 2F 1-2: Strikes out swinging
|
|
Batting: RHB Ji-an Li
|
0-0: Foul Ball, location: 2F 0-1: Called Strike 0-2: Foul Ball, location: 2F 0-2: Strikes out swinging
|
| Bottom of the 9th over - 0 runs, 1 hit, 0 errors, 2 left on base; San Francisco 5 - Philadelphia 4 |
|